Map: Honorgrounds LE

Players

Neeb - Winner!

  • Race: Protoss Protoss
  • Spawn Location: 11:00

Nerchio

  • Race: Zerg Zerg
  • Spawn Location: 1:00

Event: WCS Austin 2017

VOD

Have the link to the VOD?

Description

Time

  • Played on: April 30, 2017, 4:21 p.m.
  • Length: 14:10

All games in this series

Show
View Real Time Build Order
Export as new Build Order

Neeb Protoss - Winner!

Build Orders: 1 Gate Expand 

Get SALT Encoding   

  12  0:00  Probe (Chrono Boost)  
  13  0:11  Probe (Chrono Boost)  
  14  0:19  Pylon  
  14  0:22  Probe (Chrono Boost)  
  15  0:37  Probe (Chrono Boost), Gateway  
  16  0:47  Assimilator  
  16  0:48  Probe (Chrono Boost)  
  17  0:58  Probe (Chrono Boost)  
  18  1:09  Probe (Chrono Boost)  
  19  1:20  Nexus  
  19  1:22  Probe (Chrono Boost)  
  20  1:33  Cybernetics Core  
  20  1:36  Probe (Chrono Boost)  
  21  1:43  Assimilator  
  22  1:47  Probe (Chrono Boost)  
  22  1:51  Pylon  
  22  1:57  Probe (Chrono Boost)  
  23  2:02  Warp Gate  
  23  2:08  Adept  
  23  2:11  Probe (Chrono Boost)  
  27  2:23  Twilight Council, Probe (Chrono Boost)  
  27  2:31  Adept  
  27  2:32  Probe (Chrono Boost)  
  27  2:35  Probe (Chrono Boost)  
  31  2:43  Probe (Chrono Boost)  
  32  2:47  Probe (Chrono Boost), Resonating Glaives  
  33  2:54  Probe (Chrono Boost)  
  33  2:58  Adept  
  35  2:59  Probe (Chrono Boost)  
  38  3:06  Probe (Chrono Boost)  
  38  3:11  Gateway  
  38  3:15  Gateway  
  38  3:18  Probe (Chrono Boost)  
  39  3:23  Probe (Chrono Boost)  
  39  3:25  Adept  
  42  3:28  Pylon  
  42  3:30  Probe (Chrono Boost)  
  44  3:35  Probe (Chrono Boost)  
  44  3:37  Pylon  
  45  3:42  Probe (Chrono Boost)  
  45  3:47  Probe (Chrono Boost)  
  46  3:50  Assimilator  
  46  3:52  Assimilator  
  46  3:54  Probe (Chrono Boost)  
  47  3:59  Probe (Chrono Boost)  
  48  4:05  Adept x2  
  48  4:06  Probe (Chrono Boost)  
  48  4:09  Adept  
  55  4:12  Stargate  
  55  4:13  Probe (Chrono Boost)  
  55  4:14  Stargate  
  56  4:19  Probe (Chrono Boost)  
  56  4:24  Pylon  
  58  4:25  Probe (Chrono Boost)  
  58  4:26  Adept  
  58  4:29  Probe (Chrono Boost)  
  61  4:32  Pylon  
  61  4:42  Mothership Core (Chrono Boost)  
  63  4:50  Probe (Chrono Boost)  
  63  4:52  Void Ray x2  
  64  4:57  Pylon  
  72  5:09  Pylon  
  72  5:15  Protoss Air Weapons Level 1  
  70  5:29  Void Ray, Nexus  
  70  5:30  Void Ray  
  70  5:32  Pylon  
  74  5:42  Probe x2 (Chrono Boost)  
  80  5:48  Pylon  
  80  5:54  Probe (Chrono Boost)  
  80  5:55  Probe (Chrono Boost)  
  82  6:06  Void Ray  
  82  6:07  Probe (Chrono Boost), Void Ray  
  82  6:10  Probe (Chrono Boost)  
  93  6:19  Probe (Chrono Boost)  
  93  6:22  Probe (Chrono Boost)  
  94  6:27  Sentry, Adept  
  94  6:28  Adept  
  94  6:31  Probe (Chrono Boost)  
  101  6:33  Robotics Facility  
  101  6:35  Probe (Chrono Boost)  
  102  6:41  Probe (Chrono Boost)  
  102  6:43  Probe (Chrono Boost)  
  105  6:47  Probe (Chrono Boost)  
  105  6:51  Probe (Chrono Boost)  
  107  6:55  Probe (Chrono Boost)  
  107  6:59  Assimilator, Probe (Chrono Boost)  
  108  7:01  Assimilator  
  108  7:02  Probe (Chrono Boost)  
  108  7:04  Forge  
  108  7:05  Sentry x2, Gateway  
  108  7:06  Gateway  
  108  7:07  Probe (Chrono Boost), Gateway  
  114  7:11  Probe (Chrono Boost), Pylon  
  114  7:12  Probe (Chrono Boost)  
  116  7:18  Probe (Chrono Boost)  
  116  7:21  Immortal, Robotics Bay  
  117  7:25  Robotics Facility  
  121  7:32  Phoenix x2  
  121  7:36  Protoss Ground Weapons Level 1  
  125  7:44  Stargate  
  117  7:49  Photon Cannon  
  117  7:50  Pylon  
  113  7:52  Pylon  
  113  7:53  Pylon  
  113  8:00  Phoenix x2  
  113  8:02  Observer  
  118  8:15  Adept  
  118  8:16  Adept x5  
  130  8:23  Disruptor  
  133  8:47  Disruptor  
  126  8:49  Probe (Chrono Boost)  
  126  8:54  Disruptor  
  121  8:56  Stalker x5  
  134  9:11  Gateway, Photon Cannon  
  134  9:13  Gateway, Nexus  
  134  9:14  Photon Cannon  
  134  9:16  Protoss Ground Weapons Level 2, Sentry, Gateway  
  136  9:20  Disruptor, Gateway  
  136  9:21  Pylon  
  136  9:28  Pylon  
  139  9:31  Stalker x3  
  143  9:48  Disruptor  
  143  9:57  Adept x6  
  158  10:04  Disruptor  
  158  10:14  Photon Cannon  
  161  10:16  Blink, Adept x2  
  161  10:17  Adept x3  
  171  10:30  Disruptor  
  171  10:35  Disruptor  
  166  10:40  Assimilator  
  169  10:42  Assimilator  
  169  10:51  Adept x4  
  169  10:52  Adept x5  
  169  11:05  Disruptor  
  169  11:06  Disruptor  
  171  11:17  Protoss Ground Weapons Level 3  
  143  11:36  Disruptor  
  137  11:43  Adept  
  137  11:44  Adept x4  
  137  11:45  Adept x5  
  154  11:55  Nexus  
  154  11:58  Pylon  
  154  12:05  Disruptor  
  154  12:07  Disruptor  
  147  12:12  Stalker x5  
  163  12:16  Stalker  
  165  12:28  Adept x4  
  173  12:36  Disruptor  
  139  13:14  Disruptor x2  
  139  13:17  Stalker x10  
  165  13:28  Fleet Beacon  
  165  14:00  Stalker x10  
Show
View Real Time Build Order
Export as new Build Order

Nerchio Zerg 

Build Orders: Hatch First 

Get SALT Encoding   

  12  0:00  Drone  
  13  0:12  Overlord  
  13  0:17  Drone  
  14  0:30  Drone x2  
  14  0:34  Drone  
  17  0:53  Hatchery  
  17  0:56  Drone  
  17  1:00  Drone  
  18  1:07  Extractor  
  17  1:16  Spawning Pool  
  16  1:19  Drone  
  16  1:22  Drone  
  18  1:28  Drone  
  19  1:38  Overlord  
  19  1:49  Drone  
  20  2:02  Queen  
  20  2:03  Zergling x2  
  20  2:06  Queen  
  25  2:10  Metabolic Boost  
  25  2:14  Drone  
  26  2:17  Zergling x2  
  26  2:20  Drone  
  28  2:24  Drone  
  28  2:26  Drone  
  30  2:32  Drone  
  31  2:46  Hatchery  
  31  2:48  Drone  
  31  2:51  Drone  
  32  2:55  Overlord  
  32  2:58  Drone  
  33  3:00  Drone  
  34  3:08  Queen  
  36  3:16  Drone x4  
  36  3:19  Drone  
  40  3:22  Drone x2  
  40  3:25  Drone  
  44  3:27  Drone  
  44  3:33  Roach Warren  
  43  3:36  Overlord  
  43  3:43  Zergling x2  
  43  3:47  Extractor  
  43  3:50  Lair  
  43  3:53  Drone  
  43  3:54  Overlord  
  44  3:57  Drone x2  
  44  3:58  Drone  
  47  4:14  Roach x4  
  55  4:18  Extractor  
  55  4:20  Roach  
  55  4:22  Roach  
  57  4:26  Roach  
  57  4:27  Drone x3  
  57  4:28  Overlord  
  62  4:31  Roach  
  62  4:37  Drone x2  
  66  4:44  Overlord  
  66  4:48  Drone x2  
  66  4:51  Drone x2  
  66  4:52  Drone  
  71  4:57  Drone x2  
  71  4:58  Overlord, Extractor  
  71  4:59  Overlord x2  
  71  5:00  Glial Reconstitution  
  71  5:06  Drone  
  73  5:07  Drone x2  
  73  5:08  Drone  
  73  5:13  Drone  
  76  5:16  Queen  
  76  5:22  Roach x2  
  76  5:24  Drone  
  76  5:27  Drone x3  
  76  5:28  Drone  
  85  5:29  Drone  
  85  5:31  Drone  
  85  5:34  Spore Crawler  
  86  5:36  Drone x2  
  88  5:46  Queen  
  88  5:49  Evolution Chamber  
  89  5:50  Spire  
  89  5:56  Queen  
  90  5:57  Drone x3  
  90  5:59  Extractor  
  90  6:00  Drone x3  
  90  6:01  Extractor  
  90  6:04  Overlord  
  94  6:06  Drone x2  
  94  6:07  Drone  
  94  6:09  Drone  
  98  6:12  Drone x3  
  98  6:15  Overlord  
  98  6:17  Overlord  
  101  6:20  Overlord  
  101  6:26  Spore Crawler  
  101  6:27  Drone  
  101  6:28  Spore Crawler  
  100  6:34  Spore Crawler  
  99  6:46  Queen  
  101  6:51  Drone x3  
  101  6:53  Drone x2  
  100  7:03  Zerg Flyer Weapons Level 1  
  100  7:05  Mutalisk x6  
  100  7:06  Mutalisk  
  114  7:10  Hatchery  
  114  7:13  Spore Crawler  
  112  7:21  Spore Crawler, Corruptor x2  
  115  7:30  Overlord  
  115  7:37  Drone x4  
  103  7:45  Corruptor  
  103  7:46  Corruptor x4  
  103  7:48  Drone x2  
  103  7:50  Drone  
  103  7:51  Drone  
  115  7:52  Drone  
  115  7:56  Drone  
  115  7:58  Drone x2  
  119  8:01  Drone x2  
  119  8:02  Drone  
  119  8:03  Drone  
  123  8:07  Overlord, Extractor  
  123  8:09  Extractor  
  121  8:13  Roach x3  
  127  8:21  Roach x2  
  127  8:22  Roach x3  
  127  8:26  Ravager x2  
  127  8:27  Ravager x7  
  142  8:43  Drone  
  142  8:44  Drone x5  
  142  8:47  Drone x2  
  142  8:48  Drone x5, Overlord x2  
  144  8:52  Zerg Melee Weapons Level 1  
  141  8:58  Overlord  
  141  9:01  Overlord  
  141  9:04  Overlord  
  141  9:06  Hydralisk Den  
  141  9:07  Overseer  
  140  9:10  Drone x2  
  140  9:14  Roach, Zergling x12  
  150  9:19  Zergling x8  
  154  9:28  Infestation Pit  
  153  9:32  Zergling x6  
  153  9:33  Zergling x10  
  153  9:37  Muscular Augments  
  159  9:49  Hydralisk  
  159  9:50  Hydralisk x5  
  167  9:55  Hydralisk x2  
  167  9:59  Hydralisk x2  
  173  10:01  Overlord  
  173  10:03  Overlord  
  173  10:05  Overlord  
  175  10:08  Overlord  
  175  10:15  Overlord, Evolution Chamber  
  174  10:22  Zergling x2  
  174  10:23  Zergling x16  
  183  10:31  Hydralisk x4  
  183  10:33  Hydralisk  
  160  10:36  Ravager x3  
  160  10:37  Ravager x3  
  160  10:41  Roach x2  
  170  10:46  Roach x3  
  175  10:51  Hive  
  175  10:53  Roach  
  177  10:57  Roach  
  177  10:58  Roach  
  177  11:02  Roach x2  
  177  11:03  Roach  
  175  11:04  Roach  
  175  11:06  Roach  
  175  11:08  Roach  
  175  11:10  Hydralisk  
  169  11:18  Hydralisk  
  169  11:19  Hydralisk x3  
  169  11:22  Overlord  
  164  11:33  Drone  
  164  11:34  Drone x7  
  167  11:43  Drone x4  
  167  11:47  Zerg Melee Weapons Level 2  
  167  11:55  Hydralisk  
  167  11:56  Hydralisk  
  167  11:59  Hydralisk  
  173  12:02  Hydralisk  
  173  12:06  Hydralisk  
  147  12:08  Hydralisk  
  147  12:12  Ravager  
  147  12:13  Ravager x6  
  147  12:14  Zergling x2  
  157  12:15  Zergling x2  
  157  12:16  Zergling x2  
  157  12:18  Hydralisk  
  157  12:22  Hydralisk  
  157  12:23  Hydralisk  
  157  12:26  Hydralisk  
  161  12:31  Greater Spire  
  159  12:37  Zergling x14  
  163  12:45  Zergling x2  
  163  12:46  Zergling x8  
  163  12:47  Zergling x6  
  163  12:50  Hydralisk  
  163  12:52  Hydralisk  
  163  12:55  Hydralisk  
  163  12:58  Hydralisk  
  166  13:00  Zergling x2  
  166  13:01  Hydralisk  
  157  13:08  Hydralisk x2  
  157  13:11  Hydralisk  
  145  13:15  Hydralisk  
  145  13:16  Hydralisk  
  147  13:20  Zergling x4  
  147  13:22  Hydralisk  
  147  13:25  Hydralisk  
  153  13:29  Zergling x6  
  153  13:32  Hydralisk  
  147  13:36  Hydralisk x2  
  147  13:39  Hydralisk  
  151  13:41  Corruptor  
Tags
 
Add a new tag
Caveats
  • Supply blocks, unpowered buildings, or Contaminate may cause inaccurate times.
  • Supply counts are checked every 10 seconds.